 Dungeon Crawl Stone Soup version 0.20-a0-441-g89e74e4 (webtiles) character file.

779 M4edhros the Martial Artist (level 7, -7/41 HPs)
             Began as an Octopode Necromancer on Jan 6, 2017.
             Killed by divine providence
             ... invoked by an orc priest
              (14 damage)
             ... on level 5 of the Dungeon.
             The game lasted 00:09:52 (2135 turns).

M4edhros the Martial Artist (Octopode Necromancer)  Turns: 2135, Time: 00:09:53

Health: -7/41      AC:  3    Str:  3 (7)  XL:     7   Next: 85%
Magic:  6/10       EV: 13    Int: 15 (17) God:
Gold:   98         SH:  0    Dex: 14 (15) Spells: 5/10 levels left

rFire  . . .     SeeInvis .       - Unarmed
rCold  . . .     Gourm    .     (no shield)
rNeg   . . .     Faith    .     (helmet restricted)
rPois  .         Spirit   .     (no amulet)
rElec  .         Reflect  .     p - ring of flight
rCorr  .         Harm     .     (no ring)
MR     .....     Clarity  +     (no ring)
Stlth  +++.......               (no ring)
                                (no ring)
                                (no ring)
                                (no ring)
                                (no ring)

@: very slightly contaminated
A: almost no armour, stealthy swim, amphibious, 8 rings, constrict 8, yellow
scales 1, camouflage 1, clarity, deterioration 1, gelatinous body 1
a: Evoke Flight


You were on level 5 of the Dungeon.
You were hungry.

You visited 1 branch of the dungeon, and saw 5 of its levels.
You also visited: Sewer.

You collected 98 gold pieces.

Inventory:

Missiles
 q - 60 stones (quivered)
Jewellery
 p - a ring of flight (left tentacle)
Wands
 d - a wand of polymorph (9/24)
Potions
 i - a potion of flight
Books
 a - a book of Necromancy

   Spells                             Type                      Level
   a - Pain                           Necromancy                   1
   b - Animate Skeleton               Necromancy                   1
   c - Vampiric Draining              Necromancy                   3
   d - Regeneration                   Charms/Necromancy            3
   e - Animate Dead                   Necromancy                   4
   f - Control Undead                 Necromancy                   4
Comestibles
 b - 2 bread rations
 c - 4 chunks of flesh
 f - 3 beef jerkies
 l - a meat ration


   Skills:
 - Level 2.0 Dodging
 - Level 2.6 Stealth
 + Level 8.4 Unarmed Combat
 - Level 2.0 Spellcasting
 - Level 4.0 Necromancy


You had 5 spell levels left.
You knew the following spells:

 Your Spells              Type           Power        Failure   Level  Hunger
a - Pain                  Necr           ##..         4%          1    #......
b - Animate Skeleton      Necr           N/A          4%          1    #......
c - Regeneration          Chrm/Necr      #.........   30%         3    ###....


Dungeon Overview and Level Annotations

Branches:
Dungeon (5/15)
 Temple: D:4-7

Altars:

Shops:
D:4 *


Innate Abilities, Weirdness & Mutations

You cannot wear most types of armour.
You are very stealthy in the water. (Stealth+)
You are amphibious.
You can wear up to eight rings at the same time.
You can use your tentacles to constrict eight enemies at once.
Your skin changes colour to match your surroundings (Stealth+).
Your rubbery body absorbs attacks. (AC +1, EV +1)
You are partially covered in yellow scales. (AC +2)
You possess an exceptional clarity of mind.
Your body sometimes deteriorates upon taking damage.


Message History

The orc priest hits your gnoll skeleton but does no damage.
Your gnoll skeleton hits the orc priest but does no damage.
Unknown command.
You catch the helpless orc priest completely off-guard!
You tentacle-slap the orc priest.
The orc priest is severely wounded.
You constrict the orc priest, but do no damage.
The orc priest hits you with a hand axe!
* * * LOW HITPOINT WARNING * * *
The orc priest hits your gnoll skeleton with a hand axe.
You tentacle-slap the orc priest but do no damage.
The orc priest is severely wounded.
You constrict the orc priest, but do no damage.
Your gnoll skeleton hits the orc priest with a whip.
Unknown command.
You tentacle-slap the orc priest but do no damage.
The orc priest is almost dead.
The orc priest calls down the wrath of Beogh upon you.
Beogh smites you!
You die...

..#####.###. #.# ..#
#.# .. #.# ### #.#
#.##.#
#######.#.#..$..
.Z....#.#......###
#####.#.###......#
Z.....#......))#.#
.#############.#o#
.......<.......Z@##.#
.#############......#
## ########


You could see an orc priest and a friendly gnoll skeleton.

Vanquished Creatures
  Purgy (Sewer)
  An ogre (D:5)
  A centaur (D:5)
  A big kobold (Sewer)
  A bullfrog (D:5)
  2 gnoll shamans (D:5)
  A hound (D:4)
  An orc wizard (D:5)
  A bullfrog skeleton (D:4)
  A worker ant (D:5)
  A hound skeleton (D:5)
  12 gnolls
  3 adders
  An ooze (D:4)
  A worm (D:2)
  4 leopard geckos (D:4)
  6 orcs
  A bat (Sewer)
  3 giant cockroaches (D:4)
  2 hobgoblins (D:2)
  3 jackals
  A quokka (D:5)
  A ball python (D:1)
  3 frilled lizards
  A giant cockroach zombie (D:5)
  3 kobolds (Sewer)
  A quokka zombie (D:5)
  2 rats
60 creatures vanquished.

Vanquished Creatures (collateral kills)
  A worker ant (D:4)
  A gnoll (D:5)
  An adder (D:5)
  An orc (D:5)
4 creatures vanquished.

Grand Total: 64 creatures vanquished

Notes
Turn   | Place    | Note
-------+----------+-------------------------------------------
     0 | D:1      | M4edhros the Octopode Necromancer began the quest for the Orb.
     0 | D:1      | Reached XP level 1. HP: 11/11 MP: 3/3
    31 | D:1      | Reached skill level 1 in Unarmed Combat
   165 | D:2      | Reached XP level 2. HP: 15/17 MP: 5/5
   241 | D:3      | Reached skill level 2 in Unarmed Combat
   254 | D:2      | Reached XP level 3. HP: 4/21 MP: 1/6
   257 | D:2      | Learned a level 1 spell: Animate Skeleton
   261 | D:2      | Learned a level 3 spell: Regeneration
   456 | D:4      | Reached skill level 3 in Unarmed Combat
   456 | D:4      | Reached XP level 4. HP: 26/27 MP: 3/7
   511 | D:4      | Found Niry's General Store.
   680 | D:4      | Reached skill level 4 in Unarmed Combat
   732 | D:4      | Reached XP level 5. HP: 19/31 MP: 6/8
   808 | D:4      | Found a glowing drain.
   825 | Sewer    | Entered a sewer
   926 | Sewer    | Noticed Purgy
   932 | Sewer    | Noticed a big kobold
   942 | Sewer    | Killed a big kobold
   942 | Sewer    | Reached skill level 5 in Unarmed Combat
   969 | Sewer    | Killed Purgy
   969 | Sewer    | Reached skill level 6 in Unarmed Combat
   969 | Sewer    | Reached XP level 6. HP: 36/36 MP: 9/9
  1213 | D:5      | Entered Level 5 of the Dungeon
  1250 | D:5      | HP: 1/36 [gnoll/spear (7)]
  1270 | D:5      | Gained mutation: You possess an exceptional clarity of mind. [potion of mutation]
  1270 | D:5      | Gained mutation: Your body sometimes deteriorates upon taking damage. [potion of mutation]
  1270 | D:5      | Gained mutation: You are partially covered in yellow scales. (AC +2) [potion of mutation]
  1500 | D:5      | Reached skill level 7 in Unarmed Combat
  1500 | D:5      | Reached XP level 7. HP: 13/41 MP: 1/10
  1570 | D:5      | lucky me.
  1768 | D:5      | Reached skill level 8 in Unarmed Combat
  2135 | D:5      | Killed from afar by an orc priest

Vault maps used:
D:1:      minmay_arrival_four_houses, serial_curves, eino_curves_02,
          eino_curves_04, minmay_misc_feat_more_columns, minivault_23
D:2:      nicolae_overflow_hidden_temple
D:3:      uniq_natasha
D:4:      serial_shops, shop, portal_sewer_entry_f, chequers_big_river
D:5:      first_bread
Sewer:    kennysheep_door_sewer

Skill      XL: |  1  2  3  4  5  6  7 |
---------------+----------------------+-----
Unarmed Combat | 1 2 3 4 6 7 8 |  8.4
Dodging        | |  2.0
Stealth        | |  2.6
Spellcasting   | |  2.0
Necromancy     | |  4.0

Action                   |  1- 3 |  4- 6 |  7- 9 || total
-------------------------+-------+-------+-------++-------
Melee: Unarmed           |    37 |   144 |    96 ||   277
       Constrict         |     8 |    24 |    18 ||    50
       Tentacles         |     8 |    12 |    16 ||    36
       Punch             |     1 |     8 |     2 ||    11
 Cast: Pain              |     9 |       |       ||     9
       Regeneration      |     2 |    16 |    10 ||    28
       Animate Skeleton  |       |     6 |     9 ||    15
  Use: Potion            |       |     8 |       ||     8
       Scroll            |       |       |     9 ||     9
 Stab: Sleeping          |     1 |     6 |     1 ||     8
       Distracted        |       |     1 |     1 ||     2
       Invisible         |       |     3 |     1 ||     4
  Eat: Chunk             |       |     4 |     5 ||     9
Armor: Skin              |     2 |    93 |     8 ||   103
Dodge: Dodged            |    18 |    95 |    43 ||   156
